 Dungeon Crawl Stone Soup version 0.30-a0-777-ga9a30cbeda (webtiles) character file.

Game seed: 1956526436085433858

40 Esekla the Sneak (level 3, -3/19 HPs)
             Began as a Vine Stalker Delver on Feb 14, 2023.
             Slain by an ice beast (4 damage)
             ... on level 5 of the Dungeon.
             The game lasted 00:04:44 (390 turns).

Esekla the Sneak (Vine Stalker Delver)               Turns: 390, Time: 00:04:44

Health: -3/19      AC:  4    Str: 14    XL:     3   Next: 50%
Magic:  0/4        EV: 11    Int: 12    God:
Gold:   37         SH:  0    Dex: 15    Spells: 3/3 levels left

rFire   . . .      SeeInvis .    a - +0 falchion
rCold   . . .      Faith    .    (no shield)
rNeg    . . .      Spirit   +    b - +0 leather armour
rPois   .          Reflect  .    (no helmet)
rElec   .          Harm     .    (no cloak)
rCorr   .          Rampage  .    d - +0 pair of gloves
Will    .....                    (no boots)
Stlth   +++                      (no amulet)
HPRegen 0.23/turn                (no ring)
MPRegen 0.09/turn                (no ring)

@: hasted, very quick
A: fangs 2, magic shield, antimagic bite, no potion heal 2
a: no special abilities


You were on level 5 of the Dungeon.
You visited 1 branch of the dungeon, and saw 1 of its levels.

You collected 37 gold pieces.

Inventory:

Hand Weapons
 a - a +0 falchion (weapon)
 h - a +0 dagger
Armour
 b - a +0 leather armour (worn)
 d - a +0 pair of gloves (worn)
Wands
 g - a wand of digging (2)
Scrolls
 c - 2 scrolls of fog
Potions
 e - a potion of invisibility {unknown}


   Skills:
 * Level 2.9 Fighting
 * Level 1.9 Long Blades
 + Level 1.7 Dodging
 + Level 6.7 Stealth
 * Level 0.6 Spellcasting
 * Level 0.6 Translocations


You had 3 spell levels left.
You didn't know any spells.
Your spell library contained the following spells:

 Spells                   Type           Power      Damage    Failure   Level
 Blink                    Tloc           2%         N/A       43%         2
 Lesser Beckoning         Tloc           2%         N/A       43%         2
 Momentum Strike          Conj/Tloc      2%         3d8       47%         2
 Manifold Assault         Tloc           1%         N/A       97%         4
 Storm Form               Tmut/Air       0%         N/A       100%        7


Dungeon Overview and Level Annotations

Branches:
Dungeon (5/15)
 Temple: D:4-7

Altars:
Sif Muna
Uskayaw


Innate Abilities, Weirdness & Mutations

You have extremely sharp teeth.
When hurt, damage is shared between your health and your magic reserves.
Your bite disrupts and absorbs the magic of your enemies.
Potions cannot restore your health.


Message History

Found a stone staircase leading down.
An orc comes into view. It is wielding a +0 hand axe.
The orc shouts!
Okay, then.
You feel yourself speed up.
A phantom comes into view.
The orc closely misses you. The orc hits you with a +0 hand axe.
You open the door.
An orc wizard comes into view. It is wielding a +0 dagger of pain.
Found a shimmering blue altar of Sif Muna.
h - a +0 dagger (weapon)
The orc wizard shouts!
The phantom barely misses you.
a - a +0 falchion (weapon)
You closely miss the orc wizard.
You bite the orc wizard, but do no damage.
The orc barely misses you. The orc wizard barely misses you.
The phantom hits you.
The phantom blinks!
You closely miss the orc wizard. The orc closely misses you.
The orc wizard casts a spell at you. The puff of flame hits you!
You barely miss the orc wizard. You barely miss the orc wizard.
The ice beast hits you but does no damage.
The orc hits you but does no damage. The orc wizard misses you.
You hit the orc wizard.
The orc wizard is moderately wounded.
The orc hits you with a +0 hand axe.
* * * LOW HITPOINT WARNING * * *
The ice beast barely misses you. The orc wizard casts a spell at you.
The puff of flame hits you.
* * * LOW HITPOINT WARNING * * *
You hit the orc wizard but do no damage.
The orc wizard is moderately wounded.
The orc hits you with a +0 hand axe.
* * * LOW HITPOINT WARNING * * *
The ice beast hits you.
You die...

.............#.#..#.##......##.##
###...########....###.......##...
#...# #..###≈#######>##.## #...#
#.##≈≈≈≈≈#* #.##.## #>..#
###≈≈≈≈≈≈≈*###...... #...#
#≈≈≈....~≈#...##.##
#...#########≈~~##*#.≈###.##.#
###........#8.8W8##..##~~##.##.#
#.....####.....o@o..._#~~#.....#
.###..####.#8.8Y8##..##~~##.####
####....##.####≈~~##*#.≈###.#
##.....$...h**#≈≈≈....~≈#...#
...#..#.#...,,##≈≈≈≈≈≈≈*#####
.###........#*,##≈≈≈≈≈#*
#.......#....*,**##≈###
####.####..#.*,* *##
####.####..#,*,*


You could see an ice beast, a phantom, an orc wizard and an orc.

Vanquished Creatures
  A hound (D:5)
  An adder (D:5)
  An orc (D:5)
3 creatures vanquished.

Notes
Turn   | Place    | Note
-------+----------+-------------------------------------------
     0 | D:5      | Esekla the Vine Stalker Delver began the quest for the Orb.
     0 | D:5      | Reached XP level 1. HP: 11/11 MP: 2/2
    54 | D:5      | Noticed an ice beast
   127 | D:5      | Found a hide-covered altar of Uskayaw.
   152 | D:5      | Noticed a hound
   227 | D:5      | Reached XP level 2. HP: 16/16 MP: 3/3
   236 | D:5      | Noticed a scorpion
   253 | D:5      | Reached XP level 3. HP: 16/19 MP: 2/4
   335 | D:5      | Identified the +2 scale mail of the Tundras {rN+ Dex+3}
   377 | D:5      | Noticed a phantom
   382 | D:5      | Found a shimmering blue altar of Sif Muna.
   390 | D:5      | Slain by an ice beast

Illustrated notes

Levels and vault maps discovered:
D:5:      layout_loops_cross, nicolae_uskayaw_suspiria,
          kennysheep_orc_sif_temple, minmay_crystal_room, grunt_ministairs_2

Action                     || total
---------------------------++-------
  Melee: Falchion          ||    21
         Bite              ||     6
         Punch             ||     1
  Evoke: Wand              ||     1
    Use: Scroll            ||     2
         Potion            ||     1
 Armour: Leather armour    ||     5
  Dodge: Dodged            ||    20

Table legend: (Time is in decaauts)
 A = Elapsed time spent in this place.
 B = Non-inter-level travel time spent in this place.
 C = Inter-level travel time spent in this place.
 D = Time resting spent in this place.
 E = Time spent auto-exploring this place.
 F = Levels seen in this place.
 G = Mean time per level.
                   A        B        C        D        E       F      G
               +--------+--------+--------+--------+--------+-----+--------+
         Total |    388 |    388 |      0 |     47 |      0 |   1 |  388.0 |
       Dungeon |    388 |    388 |      0 |     47 |      0 |   1 |  388.0 |
               +--------+--------+--------+--------+--------+-----+--------+

Top non-repeatable levels by time:
     D:5: 388 daAuts
